 Dungeon Crawl Stone Soup version 0.29-a0-690-g32ab5fea29 (webtiles) character file.

Game seed: 13288102627280194787

24 CrazyBamboolord the Skirmisher (level 3, -1/24 HPs)
             Began as a Kobold Fighter on June 25, 2022.
             Slain by Natasha (2 damage)
             ... on level 2 of the Dungeon.
             The game lasted 00:02:20 (1125 turns).

CrazyBamboolord the Skirmisher (Kobold Fighter)     Turns: 1125, Time: 00:02:21

Health: -1/24      AC:  6    Str: 13    XL:     3   Next: 15%
Magic:  3/3        EV: 10    Int:  9    God:
Gold:   31         SH:  5    Dex: 16    Spells: 2/2 levels left

rFire   . . .      SeeInvis .   a - +0 rapier
rCold   . . .      Faith    .   c - +0 buckler
rNeg    . . .      Spirit   .   b - +0 scale mail
rPois   .          Reflect  .   (no helmet)
rElec   .          Harm     .   (no cloak)
rCorr   .          Rampage  .   (no gloves)
Will    .....                   (no boots)
Stlth   +.........              (no amulet)
HPRegen 0.08/turn               (no ring)
MPRegen 0.08/turn               (no ring)

@: no status effects
A: small, no large weapons, nightstalker 3
a: no special abilities


You were on level 2 of the Dungeon.
You visited 1 branch of the dungeon, and saw 2 of its levels.

You collected 31 gold pieces.

Inventory:

Hand Weapons
 a - a +0 rapier (weapon)
Armour
 b - a +0 scale mail (worn)
 c - a +0 buckler (worn)
Scrolls
 e - a scroll of enchant armour {unknown}
Potions
 d - 2 potions of might


   Skills:
 * Level 3.7 Fighting
 * Level 3.2 Short Blades
 + Level 2.5 Armour
 * Level 1.0 Dodging
 + Level 2.5 Shields


You had 2 spell levels left.
You didn't know any spells.
Your spell library was empty.

Dungeon Overview and Level Annotations

Branches:
Dungeon (2/15)

Altars:

Annotations:
D:2 Natasha


Innate Abilities, Weirdness & Mutations

You are small and have problems with some larger weapons.
You are completely attuned to the shadows.


Message History

There are monsters nearby!
There are monsters nearby!
You closely miss Natasha. Natasha barely misses you.
You hit Natasha but do no damage.
Natasha stares at you and mumbles some strange words.
You resist with significant effort.
The white imp hits you but does no damage.
You barely miss Natasha. Natasha closely misses you.
The white imp shouts, "Out, out, thou ducking crook-pated haggard!"
The white imp gestures at you. The puff of frost misses you.
You hit Natasha.
Natasha is moderately wounded.
You block Natasha's attack. The white imp gestures at you.
The puff of frost hits you!
You closely miss Natasha.
Natasha is moderately wounded.
You block Natasha's attack.
The white imp hits you but does no damage.
You hit Natasha.
Natasha is moderately wounded.
Natasha stares at you and mumbles some strange words.
The magic dart hits you.
The white imp hits you but does no damage.
You hit Natasha.
Natasha is severely wounded.
Natasha claws you but does no damage. The white imp barely misses you.
Natasha casts a spell at you. The magic dart hits you.
* * * LOW HITPOINT WARNING * * *
Okay, then.
You closely miss Natasha.
Natasha is severely wounded.
The white imp hits you.
* * * LOW HITPOINT WARNING * * *
The white imp freezes you.
* * * LOW HITPOINT WARNING * * *
Natasha claws you.
You die...

.........###....#
................#
.#####..........#
.#####..........###
................'.+
####.#######....###
#.....†........+
#+#######...####..
#....@h...
#.....5...
#.........
....###### ....


You could see Natasha and a white imp (summoned).

Vanquished Creatures
  3 dart slugs (D:1)
  A ball python (D:1)
  2 endoplasms (D:1)
  2 goblins (D:1)
  A hobgoblin (D:1)
  A quokka (D:1)
  3 bats (D:1)
  3 kobolds (D:1)
  2 rats
18 creatures vanquished.

Notes
Turn   | Place    | Note
-------+----------+-------------------------------------------
     0 | D:1      | CrazyBamboolord the Kobold Fighter began the quest for the
                  | Orb.
     0 | D:1      | Reached XP level 1. HP: 14/14 MP: 1/1
   461 | D:1      | Reached XP level 2. HP: 19/19 MP: 2/2
   869 | D:1      | Reached skill level 1 in Dodging
   869 | D:1      | Reached XP level 3. HP: 20/24 MP: 3/3
  1116 | D:2      | Noticed Natasha
  1125 | D:2      | HP: 1/24 [white imp[Natasha] (5)]
  1125 | D:2      | Slain by Natasha

Illustrated notes

Levels and vault maps discovered:
D:1:      lightli_arrival_maybe_door_vault, layout_basic
D:2:      layout_basic, serial_shops, nicolae_shop_waterfront, uniq_natasha

Skill      XL: |  1  2 |
---------------+-------+-----
Short Blades   | 3 |  3.2
Dodging        | 1 |  1.0
Fighting       | |  3.7
Armour         | |  2.5
Shields        | |  2.5

Action                   || total
-------------------------++-------
Melee: Rapier            ||    55
Armor: Scale mail        ||    21
Dodge: Dodged            ||    26
Block: Buckler           ||    26

Table legend: (Time is in decaauts)
 A = Elapsed time spent in this place.
 B = Non-inter-level travel time spent in this place.
 C = Inter-level travel time spent in this place.
 D = Time resting spent in this place.
 E = Time spent auto-exploring this place.
 F = Levels seen in this place.
 G = Mean time per level.
                   A        B        C        D        E       F      G
               +--------+--------+--------+--------+--------+-----+--------+
         Total |   1131 |   1124 |      7 |      0 |    957 |   2 |  565.5 |
       Dungeon |   1131 |   1124 |      7 |      0 |    957 |   2 |  565.5 |
               +--------+--------+--------+--------+--------+-----+--------+

Top non-repeatable levels by time:
     D:1: 1048 daAuts
     D:2: 82 daAuts
